[Event "fics rated crazyhouse match"]
[Site "fics, Oklahoma City, OK USA"]
[Date "2000.03.28"]
[White "LordPixel"]
[WhiteElo "2376"]
[Black "Eyefor"]
[BlackElo "2284"]
[TimeControl "0+2"]
[Result "1-0"]

1. e4 Nf6 2. Nc3 d5 3. exd5 Nxd5 4. d4 e6 5. Nxd5 exd5 6. Nf3 
Nc6 7. Be2 P@e4 8. Ne5 Nxe5 9. dxe5 N@c4 10. Bxc4 dxc4 11. Qxd8+ Kxd8 
12. Q@d5+ Ke8 13. N@c3 N@g4 14. N@b5 B@a5 15. Qxe4 Q@c5 16. Nxc7+ Bxc7 17. P@d4 
Nxf2 18. Kxf2 Qe7 19. P@d6 Qd8 20. dxc7 Qxc7 21. B@b5+ N@c6 22. N@d6+ Kd8 
23. Nd5 Bxd6 24. Nxc7 Bxc7 25. Bxc6 bxc6 26. Bg5+ P@f6 27. P@e7+ Kd7 28. N@c5+ 
Ke8 29. N@d6+ Kxe7 30. exf6+ Kxd6 31. Qe5# 
{Eyefor checkmated} 1-0

[Event "fics rated crazyhouse match"]
[Site "fics, Oklahoma City, OK USA"]
[Date "2000.03.28"]
[White "Eyefor"]
[WhiteElo "2278"]
[Black "LordPixel"]
[BlackElo "2382"]
[TimeControl "120+0"]
[Result "0-1"]

1. e4 e6 2. d4 Nc6 3. Be3 d5 4. e5 Nge7 5. Nh3 Nf5 6. Be2 
Nxe3 7. fxe3 Qh4+ 8. Nf2 Bb4+ 9. c3 Be7 10. Nd2 Qh6 11. N@b5 B@b6 
12. e4 Qe3 13. exd5 Nxe5 14. Nf1 Qxf2+ 15. Kxf2 N@e4+ 16. Ke3 exd5 17. P@f4 
Ng6 18. c4 Nxf4 19. cxd5 P@f5 20. Bf3 Nxd5+ 21. Kd3 Nb4+ 22. Ke2 P@d3+ 
23. Qxd3 Nxd3 24. Kxd3 P@c4+ 25. Kc2 P@d3+ 26. Kd1 Q@c2+ 27. Ke1 d2+ 28. Nxd2 
Qxd2+ 29. Kf1 Qf2# 
{Eyefor checkmated} 0-1

[Event "fics rated crazyhouse match"]
[Site "fics, Oklahoma City, OK USA"]
[Date "2000.03.28"]
[White "LordPixel"]
[WhiteElo "2388"]
[Black "Eyefor"]
[BlackElo "2272"]
[TimeControl "120+0"]
[Result "1-0"]

1. e4 e6 2. d4 d6 3. Nf3 Nf6 4. Bd3 Nc6 5. c3 e5 6. d5 
Nb8 7. h3 Nbd7 8. Be3 Qe7 9. Qa4 Kd8 10. Qc2 Ke8 11. Nbd2 Nc5 
12. Bb5+ Bd7 13. Bxc5 Bxb5 14. N@f5 Qd7 15. c4 Ba4 16. b3 dxc5 17. Nxe5 
Bxb3 18. axb3 Qd8 19. P@e6 B@h5 20. B@d7+ Nxd7 21. exd7+ Qxd7 22. Nxd7 Kxd7 
23. N@e5+ Kc8 24. Q@d7+ Kb8 25. Qd8+ N@c8 26. Nd7# 
{Eyefor checkmated} 1-0

[Event "fics rated crazyhouse match"]
[Site "fics, Oklahoma City, OK USA"]
[Date "2000.03.28"]
[White "Eyefor"]
[WhiteElo "2267"]
[Black "LordPixel"]
[BlackElo "2393"]
[TimeControl "0+2"]
[Result "1-0"]

1. e4 e6 2. d4 d6 3. Nf3 Nf6 4. Bd3 Nc6 5. c3 d5 6. e5 
Ne4 7. O-O Be7 8. Be3 Bd7 9. Qe2 h5 10. Bc1 f5 11. exf6 Nxf6 
12. P@f7+ Kxf7 13. Ng5+ Kg8 14. Nxe6 Bxe6 15. Qxe6+ P@f7 16. Qe2 P@e4 17. Bb5 
a6 18. Bxc6 bxc6 19. P@b7 Ra7 20. N@e5 B@b5 21. c4 dxc4 22. a4 P@d3 
23. Qd1 Rxb7 24. axb5 P@e2 25. Nxf7 exd1=Q 26. Rxd1 N@e2+ 27. Kh1 Kxf7 28. bxc6 
Q@c2 29. P@e6+ Kf8 30. Rf1 Rxb2 31. Bxb2 Qxb2 32. R@f7+ Kg8 33. Rxf6 Bxf6 
34. B@f7+ Kh7 35. B@g6+ Kh6 36. N@f5+ Kg5 37. P@h4+ Kf4 38. P@e3+ Kg4 39. h3# 
{LordPixel checkmated} 1-0

[Event "fics rated crazyhouse match"]
[Site "fics, Oklahoma City, OK USA"]
[Date "2000.03.28"]
[White "LordPixel"]
[WhiteElo "2382"]
[Black "Eyefor"]
[BlackElo "2278"]
[TimeControl "0+2"]
[Result "1-0"]

1. e4 Nf6 2. Nc3 e6 3. e5 Nd5 4. d4 Bb4 5. Bd2 Bxc3 6. Bxc3 
Nxc3 7. bxc3 N@b2 8. Qc1 Na4 9. N@h5 Rg8 10. B@g5 B@e7 11. Bxe7 Qxe7 
12. Nxg7+ Rxg7 13. P@f6 Qf8 14. fxg7 Qxg7 15. B@f6 Qxf6 16. exf6 B@f8 17. Q@g8 
N@f5 18. Qa3 P@d2+ 19. Kxd2 B@h6+ 20. Kd1 Nxc3+ 21. Qxc3 P@d2 22. Qxc7 Nc6 
23. P@e7 Ne3+ 24. fxe3 d6 25. exf8=Q+ Bxf8 26. Qgxf7# 
{Eyefor checkmated} 1-0

[Event "fics rated crazyhouse match"]
[Site "fics, Oklahoma City, OK USA"]
[Date "2000.03.28"]
[White "Eyefor"]
[WhiteElo "2272"]
[Black "LordPixel"]
[BlackElo "2388"]
[TimeControl "0+2"]
[Result "1-0"]

1. e4 Nf6 2. Nc3 d5 3. exd5 Nxd5 4. Nf3 e6 5. d4 Nxc3 6. bxc3 
P@e4 7. Bb5+ c6 8. Bg5 Qc7 9. Be2 exf3 10. Bxf3 N@b2 11. Qb1 N@c4 
12. P@b3 Bd7 13. bxc4 Nxc4 14. P@b3 Na3 15. Qb2 P@f6 16. Be3 Na6 17. N@h5 
Nb5 18. N@e4 f5 19. Ng5 Nd6 20. Bf4 Qd8 21. h4 h6 22. Bxd6 hxg5 
23. Bxf8 Kxf8 24. hxg5 Qxg5 25. B@d6+ P@e7 26. N@e5 B@d2+ 27. Kd1 exd6 28. Nxd7+ 
Kg8 29. B@f6 Bxc3 30. Qxc3 P@b4 31. Bxg5 Rxh5 32. Rxh5 N@h7 33. Rxh7 Kxh7 
34. R@h5+ R@h6 35. N@f6+ Kg6 36. Rxh6+ gxh6 37. Q@h5+ Kg7 38. Qxh6# 
{LordPixel checkmated} 1-0

[Event "fics rated crazyhouse match"]
[Site "fics, Oklahoma City, OK USA"]
[Date "2000.03.28"]
[White "LordPixel"]
[WhiteElo "2377"]
[Black "Eyefor"]
[BlackElo "2283"]
[TimeControl "0+2"]
[Result "0-1"]

1. e4 Nf6 2. Nc3 d5 3. exd5 Nxd5 4. Nf3 e6 5. d4 Nxc3 6. bxc3 
P@e4 7. Bb5+ c6 8. Bg5 Qc7 9. Be2 exf3 10. Bxf3 N@b2 11. Qb1 Nc4 
12. P@b3 N@a3 13. Qc1 h6 14. bxc4 hxg5 15. N@e5 B@f4 16. N@e3 Bxe5 17. dxe5 
Qxe5 18. B@d4 Qc7 19. P@e5 P@f4 20. c5 fxe3 21. Bxe3 Bxc5 22. P@d6 Qa5 
23. Bxc5 Qxc3+ 24. Kf1 P@b2 25. Qxb2 N@d2+ 26. Ke2 N@f4+ 27. Kd1 Qxb2 28. Rc1 
Nxf3 29. P@d7+ Nxd7 30. Bxa3 Q@d2# 
{LordPixel checkmated} 0-1

[Event "fics rated crazyhouse match"]
[Site "fics, Oklahoma City, OK USA"]
[Date "2000.03.28"]
[White "Eyefor"]
[WhiteElo "2293"]
[Black "LordPixel"]
[BlackElo "2367"]
[TimeControl "0+2"]
[Result "1-0"]

1. e4 Nf6 2. Nc3 d5 3. exd5 Nxd5 4. d4 e6 5. Nxd5 exd5 6. Nf3 
Nc6 7. Be2 P@e4 8. Ne5 Nxe5 9. dxe5 N@c4 10. Bxc4 dxc4 11. Qxd8+ Kxd8 
12. Q@d5+ Ke8 13. N@c3 N@g4 14. N@b5 B@a5 15. Qxe4 Q@c5 16. Nxc7+ Bxc7 17. P@d4 
Nxf2 18. Kxf2 Qe7 19. P@d6 Qd8 20. dxc7 Qxc7 21. B@b5+ N@c6 22. N@d6+ Kd8 
23. N@d5 Bxd6 24. Nxc7 Bxc7 25. Bxc6 bxc6 26. Bg5+ P@f6 27. P@e7+ Ke8 28. N@d6+ 
Kd7 29. Qxc6+ Kxe7 30. Nd5+ Kf8 31. Qe8# 
{LordPixel checkmated} 1-0

[Event "fics rated crazyhouse match"]
[Site "fics, Oklahoma City, OK USA"]
[Date "2000.03.28"]
[White "LordPixel"]
[WhiteElo "2357"]
[Black "Eyefor"]
[BlackElo "2303"]
[TimeControl "0+2"]
[Result "0-1"]

1. e4 e6 2. d4 d6 3. Nc3 Nf6 4. Nf3 Be7 5. Bd3 Nc6 6. h3 
e5 7. d5 Nb4 8. Be2 Bd7 9. a3 Na6 10. Bxa6 bxa6 11. N@c6 Bxc6 
12. dxc6 N@c4 13. B@b7 Rb8 14. Ng5 B@c8 15. Bxc8 Rxc8 16. B@f5 Rb8 17. Nxf7 
Kxf7 18. P@g5 N@h4 19. gxf6 Nxg2+ 20. Kf1 P@d2 21. fxe7 Qxe7 22. B@d5+ Ke8 
23. Bd7+ Kf8 24. N@e6+ Qxe6 25. Qf3+ N@f4 26. Kg1 Qg6 27. Bxc4 Ne1+ 28. Kf1 
P@g2+ 29. Qxg2 Qxg2# 
{LordPixel checkmated} 0-1

[Event "fics rated crazyhouse match"]
[Site "fics, Oklahoma City, OK USA"]
[Date "2000.03.28"]
[White "Eyefor"]
[WhiteElo "2312"]
[Black "LordPixel"]
[BlackElo "2348"]
[TimeControl "0+2"]
[Result "0-1"]

1. e4 e6 2. d4 Nf6 3. e5 Nd5 4. Nf3 Nc6 5. Be2 d6 6. exd6 
Bxd6 7. O-O Nf4 8. c3 Nxg2 9. P@c5 Be7 10. Kxg2 P@e4 11. Nfd2 P@f3+ 
12. Nxf3 exf3+ 13. Bxf3 Bd7 14. N@h5 Rg8 15. Kh1 N@h3 16. P@g2 Ng5 17. P@d6 
cxd6 18. Bxg5 Bxg5 19. cxd6 P@c7 20. dxc7 Qxc7 21. N@b5 Qb8 22. P@c7 Qc8 
23. Bxc6 Bxc6 24. N@d6+ Kf8 25. Nxc8 Rxc8 26. Q@c5+ B@e7 27. P@d6 Bxg2+ 28. Kxg2 
B@e4+ 29. Kh3 P@c2 30. dxe7+ Bxe7 31. Qxe7+ Kxe7 32. B@c5+ Kd7 33. Qg4 Q@d3+ 
34. Ng3 Bf5 35. Qxf5 exf5 36. N1a3 N@f4+ 37. Kh4 Q@g4# 
{Eyefor checkmated} 0-1

[Event "fics rated crazyhouse match"]
[Site "fics, Oklahoma City, OK USA"]
[Date "2000.03.28"]
[White "LordPixel"]
[WhiteElo "2355"]
[Black "Eyefor"]
[BlackElo "2305"]
[TimeControl "0+2"]
[Result "0-1"]

1. e4 Nf6 2. Nc3 d5 3. exd5 Nxd5 4. Nf3 e6 5. d4 Nxc3 6. bxc3 
P@e4 7. Bb5+ c6 8. Bg5 Qc7 9. Be2 exf3 10. Bxf3 N@b2 11. Qb1 N@c4 
12. P@b3 Bd7 13. bxc4 Nxc4 14. P@b3 Na3 15. Qc1 P@f6 16. Be3 Nb5 17. Qd2 
e5 18. dxe5 fxe5 19. N@g5 P@f4 20. Bh5 fxe3 21. Bxf7+ Kd8 22. N@e6+ Kc8 
23. Qxe3 B@f4 24. Qxf4 exf4 25. Nxc7 Q@e5+ 26. Kf1 Nxc7 27. Nf3 Qxc3 28. B@e5 
Qxc2 29. Bxf4 P@e2+ 30. Kg1 P@b2 31. Re1 b1=Q 32. Q@d2 Qxd2 33. Rxb1 Q@d1+ 
34. Rxd1 Qxd1+ 35. Q@e1 R@f1+ 36. Qxf1 exf1=Q# 
{LordPixel checkmated} 0-1

[Event "fics rated crazyhouse match"]
[Site "fics, Oklahoma City, OK USA"]
[Date "2000.03.28"]
[White "KillServ"]
[WhiteElo "2206"]
[Black "Eyefor"]
[BlackElo "2307"]
[TimeControl "60+0"]
[Result "1-0"]

1. e4 Nf6 2. Nc3 e6 3. e5 Nd5 4. d4 Bb4 5. Bd2 Bxc3 6. Bxc3 
Nxc3 7. bxc3 N@e4 8. N@h5 Rg8 9. B@d2 B@b2 10. Ne2 Nxd2 11. Qxd2 Bxa1 
12. N@f6+ gxf6 13. Nxf6+ Qxf6 14. exf6 R@b1+ 15. Nc1 Rxc1+ 16. Qxc1 Bxc3+ 17. P@d2 
Bb4 18. a3 Bd6 19. R@g7 Rxg7 20. fxg7 N@f6 21. R@f8+ Bxf8 22. Q@d8+ Kxd8 
23. gxf8=Q+ Ne8 24. B@e7# 
{Eyefor checkmated} 1-0

[Event "fics rated crazyhouse match"]
[Site "fics, Oklahoma City, OK USA"]
[Date "2000.03.28"]
[White "Eyefor"]
[WhiteElo "2297"]
[Black "KillServ"]
[BlackElo "2219"]
[TimeControl "60+0"]
[Result "1-0"]

1. e4 e6 2. d4 d5 3. exd5 exd5 4. Bb5+ Bd7 5. Qe2+ Qe7 6. Bxd7+ 
Nxd7 7. Bf4 Qxe2+ 8. Nxe2 Bb4+ 9. Nbc3 Ba5 10. B@h3 Bxc3+ 11. Nxc3 Q@e7+ 
12. P@e6 fxe6 13. Bxc7 N@c4 14. B@c1 P@b4 15. Nb5 Qf7 16. Nd6+ Nxd6 17. Bxd6 
N@b5 18. Bxb4 B@f6 19. P@c3 Bxd4 20. cxd4 P@g3 21. hxg3 P@e2 22. N@g5 Nxd4 
23. Nxf7 Nxc2+ 24. Kd2 Kxf7 25. Q@f4+ N@f5 26. Bxf5 P@c3+ 27. Kxc2 P@b3+ 28. axb3 
exf5 29. Qxf5+ Ke8 30. Q@f7+ Kd8 31. Q5xd7# 
{KillServ checkmated} 1-0

[Event "fics rated crazyhouse match"]
[Site "fics, Oklahoma City, OK USA"]
[Date "2000.03.28"]
[White "LordPixel"]
[WhiteElo "2353"]
[Black "Sunsetter"]
[BlackElo "2124"]
[TimeControl "180+0"]
[Result "1-0"]

1. e4 e6 2. d4 Nf6 3. e5 d5 4. exf6 Qxf6 5. Nc3 Nc6 6. N@b5 
Qd8 7. Bf4 P@d6 8. Bg5 Be7 9. Bxe7 Qxe7 10. B@g5 f6 11. Bf4 B@a5 
12. Be2 a6 13. Na3 Bxc3+ 14. bxc3 N@e4 15. B@b2 e5 16. dxe5 dxe5 17. Bfc1 
Be6 18. P@b5 axb5 19. Nxb5 P@a6 20. Na3 P@b4 21. Nb1 bxc3 22. Nxc3 Qb4 
23. P@d2 Qe7 24. Nxe4 dxe4 25. d3 exd3 26. Bxd3 N@f4 27. Bxf4 exf4 28. Ne2 
P@h3 29. gxh3 f3 30. N@f4 Bxh3 31. Nxh3 B@a5+ 32. P@c3 fxe2 33. P@f7+ Qxf7 
34. Qxe2+ N@e5 35. P@g2 P@g4 36. Nf4 P@f3 37. P@e6 Qe7 38. B@h5+ P@g6 39. Nxg6 
Kd8 40. Nxe7 Bxc3+ 41. Bxc3 fxe2 42. Nxc6+ bxc6 43. N@f7+ Ke7 44. N@f5+ Kxe6 
45. Q@e7+ Kd5 46. P@e4# 
{Sunsetter checkmated} 1-0

[Event "fics rated crazyhouse match"]
[Site "fics, Oklahoma City, OK USA"]
[Date "2000.03.28"]
[White "Eyefor"]
[WhiteElo "2303"]
[Black "LordPixel"]
[BlackElo "2356"]
[TimeControl "0+1"]
[Result "0-1"]

1. e4 e6 2. d4 Nf6 3. e5 Nd5 4. Nf3 d6 5. exd6 cxd6 6. Be2 
Nc6 7. O-O Be7 8. c4 Nf6 9. P@b5 Na5 10. Bf4 Ng4 11. Nc3 P@f5 
12. b4 Nxc4 13. Bxc4 P@e4 14. N@h5 exf3 15. Nxg7+ Kf8 16. Qxf3 N@h4 17. Qg3 
Kxg7 18. P@f3 N@h5 19. fxg4 Nxg3 20. Bxg3 fxg4 21. N@h5+ Kh6 22. Bxh4 Kxh5 
23. Bxe7 Qxe7 24. P@g7 Rg8 25. B@h8 Kh6 26. N@d5 exd5 27. Nxd5 N@e2+ 28. Kh1 
Qe6 29. N@f8 Qf5 30. Bxe2 Qxd5 31. N@f6 Qxg2+ 32. Kxg2 Q@h3+ 33. Kh1 P@g2+ 
34. Kg1 gxf1=Q+ 35. Bxf1 N@f3+ 36. Kh1 Qxh2# 
{Eyefor checkmated} 0-1

[Event "fics rated crazyhouse match"]
[Site "fics, Oklahoma City, OK USA"]
[Date "2000.03.28"]
[White "LordPixel"]
[WhiteElo "2363"]
[Black "Eyefor"]
[BlackElo "2296"]
[TimeControl "120+0"]
[Result "1/2-1/2"]

1. e4 e6 2. d4 d5 3. exd5 exd5 4. Bb5+ c6 5. Qe2+ Be6 6. Bf4 
cxb5 7. Qxb5+ B@c6 8. Qe2 P@c7 9. P@f5 Bd7 10. fxe6 fxe6 11. Nc3 Bb4 
12. B@g5 Bxc3+ 13. bxc3 P@f6 14. Qh5+ N@f7 15. Bh4 Nc6 16. P@d6 cxd6 17. Bxd6 
P@g6 18. P@e7 Qc8 19. Qf3 Nxd6 20. B@f8 B@e4 21. Qh3 e5 22. dxe5 Bxh3 
23. exd6 Ncxe7 24. Bxf6 Nxf6 25. N@c7+ Kxf8 26. Nxh3 Bxg2 27. dxe7+ Kxe7 28. B@b4+ 
Kd7 29. Nxa8 Qxa8 30. R@f7+ P@e7 31. Rxe7+ Kc8 32. N@d6+ Kd8 33. Nf7+ Kc8 
34. Nd6+ Kd8 35. Nf7+ Kc8 36. Nd6+ Kd8 37. Nf7+ Kc8 38. Nd6+ Kd8 39. Nf7+ 
Kc8 
{Game drawn by repetition} 1/2-1/2

[Event "fics rated crazyhouse match"]
[Site "fics, Oklahoma City, OK USA"]
[Date "2000.03.28"]
[White "Eyefor"]
[WhiteElo "2298"]
[Black "LordPixel"]
[BlackElo "2361"]
[TimeControl "120+0"]
[Result "1-0"]

1. e4 e6 2. d4 d5 3. exd5 exd5 4. Bb5+ Nc6 5. Qe2+ Qe7 6. Bf4 
Qxe2+ 7. Nxe2 Bb4+ 8. Nbc3 Ba5 9. P@a6 Bxc3+ 10. Nxc3 Q@e7+ 11. Q@e5 N@b4 
12. axb7 Bxb7 13. Kd1 Qxe5 14. Bxe5 Q@g6 15. Q@e2 Qxg2 16. Bxc7+ Kf8 17. Bd6+ 
P@e7 18. B@f3 Qxh1+ 19. Bxh1 R@g1+ 20. Kd2 Rxa1 21. Bxb4 P@e3+ 22. Qxe3 Rxh1 
23. N@d7+ Ke8 24. Q@f8+ Kxd7 25. Bxc6+ Kxc6 26. N@e5+ Kc7 27. Ba5+ Kd6 28. P@c5+ 
Ke6 29. Qxf7# 
{LordPixel checkmated} 1-0

[Event "fics rated crazyhouse match"]
[Site "fics, Oklahoma City, OK USA"]
[Date "2000.03.28"]
[White "Eyefor"]
[WhiteElo "2287"]
[Black "LordPixel"]
[BlackElo "2372"]
[TimeControl "120+0"]
[Result "1-0"]

1. e4 e6 2. d4 d6 3. Nc3 Nf6 4. Nf3 Be7 5. Bd3 Nc6 6. Qe2 
d5 7. e5 Nd7 8. a3 h5 9. Bf4 g5 10. Be3 g4 11. Nd2 a6 
12. Nb3 Rg8 13. Bf4 h4 14. Rg1 Nb6 15. Rd1 Bd7 16. Be3 Nc8 17. Bf4 
Ra7 18. Be3 Ra8 19. Nd2 Rg7 20. Nb3 Rg8 21. Rd2 Rb8 22. a4 a5 
23. Nxa5 Nxa5 24. P@h7 Rh8 25. Qxg4 N@c1 26. P@g7 Nxd3+ 27. Rxd3 Rxh7 28. g8=Q+ 
B@f8 29. Qxh7 P@e4 30. Qxf7+ Kxf7 31. N@h8+ Ke8 32. P@f7# 
{LordPixel checkmated} 1-0

[Event "fics rated crazyhouse match"]
[Site "fics, Oklahoma City, OK USA"]
[Date "2000.03.28"]
[White "LordPixel"]
[WhiteElo "2362"]
[Black "Eyefor"]
[BlackElo "2297"]
[TimeControl "0+2"]
[Result "1-0"]

1. e4 e6 2. d4 d5 3. exd5 exd5 4. Bb5+ Bd7 5. Qe2+ Qe7 6. Bxd7+ 
Nxd7 7. Bf4 Qxe2+ 8. Nxe2 Bb4+ 9. Nbc3 Ba5 10. B@h3 Ngf6 11. P@e5 Bxc3+ 
12. Nxc3 N@b4 13. exf6 Nxc2+ 14. Kd2 Nxf6 15. B@a4+ P@c6 16. Bxc2 Q@b4 17. Q@e5+ 
B@e7 18. N@f5 P@d3 19. Nxe7 P@d6 20. Nxd5+ dxe5 21. Nxb4 dxc2 22. Bxe5 Q@h4 
23. Q@e2 Qxh3 24. Bxf6+ B@e3+ 25. fxe3 Qh6 26. P@d7+ Kxd7 27. N@c5+ Ke8 28. P@d7+ 
Kf8 29. Bxg7+ Qxg7 30. P@e7+ Kxe7 31. N@f5+ Kf8 32. B@e7+ Kg8 33. Nxg7 P@f3 
34. Qxf3 B@h6 35. Qxf7+ Kxf7 36. Q@f6+ Kg8 37. P@f7# 
{Eyefor checkmated} 1-0

[Event "fics rated crazyhouse match"]
[Site "fics, Oklahoma City, OK USA"]
[Date "2000.03.28"]
[White "Eyefor"]
[WhiteElo "2290"]
[Black "LordPixel"]
[BlackElo "2369"]
[TimeControl "0+2"]
[Result "1-0"]

1. e4 e6 2. d4 d6 3. Nf3 Nf6 4. Bd3 Be7 5. e5 Nd5 6. O-O 
Nc6 7. exd6 Bxd6 8. P@h6 gxh6 9. Bxh6 P@f5 10. P@g7 Rg8 11. Nc3 Nxc3 
12. bxc3 Qf6 13. Qd2 N@g4 14. Bf4 Qxg7 15. Bxd6 P@e3 16. fxe3 Nxe3 17. Bg3 
Nxf1 18. Rxf1 P@e4 19. N@h5 Qg6 20. N@f6+ Kd8 21. Nxg8 Qxh5 22. R@f8+ N@e8 
23. Nf6 Ke7 24. Rxe8+ Kxf6 25. B@g5+ Kg7 26. P@f6+ Kg6 27. N@f4# 
{LordPixel checkmated} 1-0

[Event "fics rated crazyhouse match"]
[Site "fics, Oklahoma City, OK USA"]
[Date "2000.03.28"]
[White "LordPixel"]
[WhiteElo "2359"]
[Black "Eyefor"]
[BlackElo "2300"]
[TimeControl "0+2"]
[Result "1-0"]

1. e4 e6 2. d4 d5 3. exd5 exd5 4. Bb5+ Nc6 5. Qe2+ Qe7 6. Bf4 
Qxe2+ 7. Nxe2 Bb4+ 8. Nbc3 Ba5 9. P@a6 Bxc3+ 10. Nxc3 Q@e7+ 11. B@e5 N@b4 
12. axb7 Bxb7 13. Kd1 Qh4 14. Q@e2 P@d3 15. cxd3 P@c2+ 16. Ke1 Qe7 17. Bxg7 
Qxe2+ 18. Nxe2 Q@b1+ 19. Q@c1 Qxc1+ 20. Rxc1 Q@g6 21. Bxc6+ Qxc6 22. Q@f8+ Kd7 
23. N@e5+ Ke6 24. Qxf7+ Kd6 25. Nc4# 
{Eyefor checkmated} 1-0

[Event "fics rated crazyhouse match"]
[Site "fics, Oklahoma City, OK USA"]
[Date "2000.03.28"]
[White "Eyefor"]
[WhiteElo "2293"]
[Black "LordPixel"]
[BlackElo "2366"]
[TimeControl "120+0"]
[Result "0-1"]

1. e4 e6 2. d4 d6 3. Nf3 Nf6 4. Bd3 Nc6 5. c3 e5 6. d5 
Nb8 7. h3 Nbd7 8. Be3 Qe7 9. Nbd2 h5 10. Ng5 h4 11. Ndf3 a6 
12. Qa4 Rh5 13. Rb1 Rxg5 14. Nxg5 a5 15. R@h8 N@g6 16. Rxf8+ Kxf8 17. B@e6 
fxe6 18. Nxe6+ Kg8 19. Nxc7 Nc5 20. Bxc5 Nf4 21. Bxd6 Nxd3+ 22. Kf1 Qxd6 
23. Nxa8 Qd7 24. Qxa5 R@f8 25. N@g6 B@h8 26. P@e7 B@d6 27. exf8=Q+ Bxf8 28. R@d8 
P@e2+ 29. Kxe2 B@h5+ 30. Kxd3 Bxg6 31. Rxd7 Bxe4+ 32. Ke2 N@f4+ 33. Kd2 Bxd7 
34. P@f7+ Kxf7 35. N@g5+ Kg6 36. Q@f7+ Kxg5 37. Qxf8 R@e2+ 38. Kc1 N@d3+ 39. Kd1 
P@c2# 
{Eyefor checkmated} 0-1

[Event "fics rated crazyhouse match"]
[Site "fics, Oklahoma City, OK USA"]
[Date "2000.03.28"]
[White "LordPixel"]
[WhiteElo "2372"]
[Black "Eyefor"]
[BlackElo "2287"]
[TimeControl "120+0"]
[Result "1-0"]

1. e4 Nf6 2. Nc3 d5 3. exd5 Nxd5 4. Nf3 e6 5. d4 Bb4 6. Bd2 
Bxc3 7. Bxc3 Nxc3 8. bxc3 P@b2 9. Rb1 N@e4 10. N@b5 a6 11. B@h4 Qd7 
12. Rxb2 axb5 13. Bxb5 c6 14. Ne5 Qd6 15. P@c5 Nxc3 16. cxd6 B@g5 17. Bxg5 
O-O 18. Qd3 Nxb5 19. Rxb5 cxb5 20. N@e7+ Kh8 21. Nxf7+ Rxf7 22. Q@g8# 
{Eyefor checkmated} 1-0

[Event "fics rated crazyhouse match"]
[Site "fics, Oklahoma City, OK USA"]
[Date "2000.03.28"]
[White "LordPixel"]
[WhiteElo "2368"]
[Black "Eyefor"]
[BlackElo "2291"]
[TimeControl "0+2"]
[Result "1-0"]

1. e4 Nf6 2. Nc3 d5 3. exd5 Nxd5 4. Nf3 e6 5. d4 Nxc3 6. bxc3 
P@e4 7. Bb5+ c6 8. Bg5 Qc7 9. Be2 exf3 10. Bxf3 N@b2 11. Qb1 N@c4 
12. P@b3 Bd7 13. bxc4 Nxc4 14. P@b3 Na3 15. Qc1 P@f6 16. Be3 Nb5 17. Qd2 
e5 18. dxe5 fxe5 19. P@b2 P@f4 20. Bxf4 exf4 21. P@c4 Nxc3 22. bxc3 P@b2 
23. Rb1 B@a3 24. N@d3 Bfd6 25. Nxb2 Bxb2 26. Rxb2 N@g5 27. Qe2+ Be6 28. P@f5 
Nxf3+ 29. gxf3 B@e5 30. N@e4 Ba3 31. fxe6 Bxb2 32. exf7+ Kxf7 33. N@g5+ Kg8 
34. P@f7+ Qxf7 35. Nxf7 Bexc3+ 36. B@d2 R@c1+ 37. B@d1 Bxd2+ 38. Qxd2 Rxd1+ 39. Qxd1 
B@c3+ 40. Ke2 Na6 41. Nxh8 Kxh8 42. N@f7+ Kg8 43. R@h8+ Kxf7 44. Qd7+ P@e7 
45. Q@e6# 
{Eyefor checkmated} 1-0

[Event "fics rated crazyhouse match"]
[Site "fics, Oklahoma City, OK USA"]
[Date "2000.03.28"]
[White "Eyefor"]
[WhiteElo "2285"]
[Black "LordPixel"]
[BlackElo "2374"]
[TimeControl "120+0"]
[Result "0-1"]

1. e4 Nf6 2. Nc3 d5 3. exd5 Nxd5 4. d4 e6 5. Nxd5 exd5 6. Nf3 
Nc6 7. Be2 P@e4 8. Ng5 N@h4 9. Rg1 Bb4+ 10. P@c3 Bxc3+ 11. bxc3 P@b2 
12. Nxf7 bxc1=Q 13. Qxc1 Kxf7 14. N@g5+ Kf8 15. B@c5+ B@d6 16. Bxd6+ cxd6 17. Qf4+ 
N@f5 18. P@b2 h6 19. Qxf5+ Nxf5 20. N@e6+ Bxe6 21. Nxe6+ Ke7 22. Nxd8 Kxd8 
23. Q@f7 N@e7 24. P@d7 N@g5 25. Qh5 Kxd7 26. B@f4 P@g6 27. Qg4 B@h5 28. Qxh5 
gxh5 29. Bxh5 Ne6 30. B@g3 Nxf4 31. Bxf4 Nfxd4 32. cxd4 Nxd4 33. B@a4+ P@b5 
34. Bb3 Q@f5 35. P@a6 bxa6 36. Bxh6 B@b4+ 37. P@c3 Qxh5 38. N@f6+ gxf6 39. N@f8+ 
Raxf8 40. Kd2 Qxh6+ 41. f4 exf3+ 42. Ke1 Q@e2# 
{Eyefor checkmated} 0-1

[Event "fics rated crazyhouse match"]
[Site "fics, Oklahoma City, OK USA"]
[Date "2000.03.28"]
[White "LordPixel"]
[WhiteElo "2380"]
[Black "Eyefor"]
[BlackElo "2279"]
[TimeControl "120+0"]
[Result "1-0"]

1. e4 Nf6 2. Nc3 d5 3. exd5 Nxd5 4. Nf3 e6 5. d4 Bb4 6. Bd2 
Bxc3 7. Bxc3 Nxc3 8. bxc3 P@b2 9. Rb1 N@e4 10. N@b5 a6 11. B@h4 B@e7 
12. Bxe7 Qxe7 13. B@b4 c5 14. P@d6 B@h4 15. dxe7 Bxf2+ 16. Ke2 Nc6 17. Nc7+ 
Kxe7 18. Bxc5+ Nxc5 19. P@d6+ Kd8 20. dxc5 P@e3 21. Nxa8 B@c4+ 22. R@d3 Bxd3+ 
23. Qxd3 R@d7 24. B@b6+ P@c7 25. Nxc7 Rxc7 26. Q@e7+ Nxe7 27. dxc7+ Ke8 28. Qd8# 
{Eyefor checkmated} 1-0

[Event "fics rated crazyhouse match"]
[Site "fics, Oklahoma City, OK USA"]
[Date "2000.03.28"]
[White "LordPixel"]
[WhiteElo "2375"]
[Black "Eyefor"]
[BlackElo "2284"]
[TimeControl "0+1"]
[Result "0-1"]

1. e4 Nf6 2. Nc3 e6 3. e5 Nd5 4. d4 Bb4 5. Bd2 Bxc3 6. Bxc3 
Nxc3 7. bxc3 N@b2 8. Qc1 Na4 9. N@h5 Rg8 10. B@g5 B@b2 11. Bxd8 Kxd8 
12. Q@h4+ Ke8 13. Nf6+ gxf6 14. Qxh7 Rxg2 15. Qh8+ B@f8 16. Bxg2 Bxc1 17. Rxc1 
P@d2+ 18. Kxd2 N@c4+ 19. Ke1 Q@d2+ 20. Kf1 Qxc1+ 21. R@e1 Nd2+ 22. Ke2 Nxc3+ 
23. Ke3 Qxe1+ 24. Kd3 Nd1 25. c3 Nxf2+ 26. Kc2 R@c1+ 27. Kb2 R@b1# 
{LordPixel checkmated} 0-1

[Event "fics rated crazyhouse match"]
[Site "fics, Oklahoma City, OK USA"]
[Date "2000.03.28"]
[White "Eyefor"]
[WhiteElo "2294"]
[Black "LordPixel"]
[BlackElo "2365"]
[TimeControl "0+1"]
[Result "1-0"]

1. e4 Nf6 2. Nc3 d5 3. exd5 Nxd5 4. d4 e6 5. Nxd5 exd5 6. Nf3 
Nc6 7. Be2 P@e4 8. Ne5 Nxe5 9. dxe5 N@c4 10. Bxc4 dxc4 11. Qxd8+ Kxd8 
12. Q@d5+ Q@d7 13. Qxd7+ Bxd7 14. Q@h4+ Q@e7 15. Bg5 f6 16. exf6 gxf6 17. Bxf6 
B@b4+ 18. P@d2 Bxd2+ 19. Kxd2 c3+ 20. bxc3 N@c4+ 21. Kd1 P@e2+ 22. Kxe2 Bg4+ 
23. Kf1 Nd2+ 24. Kg1 Bd7 25. P@g7 Bxg7 26. Bxe7+ Kc8 27. B@c1 e3 28. N@d5 
exf2+ 29. Kxf2 P@e3+ 30. Kxe3 P@g5 31. N@d6+ Kb8 32. N@a6+ bxa6 33. Q@b7# 
{LordPixel checkmated} 1-0

[Event "fics rated crazyhouse match"]
[Site "fics, Oklahoma City, OK USA"]
[Date "2000.03.28"]
[White "LordPixel"]
[WhiteElo "2355"]
[Black "Eyefor"]
[BlackElo "2304"]
[TimeControl "0+1"]
[Result "0-1"]

1. e4 Nf6 2. e5 Nd5 3. d4 e6 4. Nf3 Bb4+ 5. Bd2 Nc6 6. Bxb4 
Ncxb4 7. a3 Nc6 8. Nc3 Nxc3 9. bxc3 N@e4 10. N@h5 B@h6 11. Qd3 d5 
12. B@c5 Nxe5 13. Nxe5 P@d2+ 14. Ke2 Nxc5 15. dxc5 B@e4 16. Qb5+ c6 17. Nxc6 
bxc6 18. Qxc6+ Kf8 19. Nxg7 Bxg7 20. Kxd2 Bxc3+ 21. Kxc3 d4+ 22. Kd2 P@c3+ 
23. Ke1 Bxc6 24. B@d6+ N@e7 25. P@g7+ Kxg7 26. N@h5+ Kh6 27. P@g5+ Kxh5 28. N@g7+ 
Kxg5 29. Bxe7+ Qxe7 30. P@f4+ Kg6 31. Bd3+ Kxg7 32. P@f6+ Qxf6 33. N@h5+ Kf8 
34. Nxf6 Q@d2+ 35. Kf1 N@e3+ 36. fxe3 Bxg2+ 37. Kg1 N@f3# 
{LordPixel checkmated} 0-1

[Event "fics rated crazyhouse match"]
[Site "fics, Oklahoma City, OK USA"]
[Date "2000.03.28"]
[White "LordPixel"]
[WhiteElo "2337"]
[Black "Eyefor"]
[BlackElo "2322"]
[TimeControl "0+1"]
[Result "1-0"]

1. e4 Nf6 2. Nc3 d5 3. exd5 Nxd5 4. d4 e6 5. Nxd5 exd5 6. Nf3 
Nc6 7. Be2 P@e4 8. Ne5 Nxe5 9. dxe5 N@c4 10. Bxc4 dxc4 11. Qxd8+ Kxd8 
12. Q@d5+ Q@d7 13. Qxd7+ Bxd7 14. Q@h4+ Q@e7 15. Bg5 f6 16. exf6 gxf6 17. Bxf6 
B@b4+ 18. P@d2 Bxd2+ 19. Kxd2 c3+ 20. bxc3 N@c4+ 21. Kd1 Bg4+ 22. Qxg4 Nb2+ 
23. Kc1 Qxf6 24. N@e6+ Qxe6 25. Qxe6 N@d3+ 26. Kb1 B@d7 27. N@f7+ Kc8 28. Q@d8# 
{Eyefor checkmated} 1-0